 Dungeon Crawl Stone Soup version 0.17.1-1-g73c8601 (webtiles) character file.

204 hannobal the Conjurer (level 5, 0/33 HPs)
             Began as an Octopode Wizard on Dec 19, 2015.
             Slain by an orc priest
             ... wielding a cursed -2 mace
              (6 damage)
             ... on level 3 of the Dungeon on Dec 22, 2015.
             The game lasted 00:13:33 (3754 turns).

hannobal the Conjurer (Octopode Wizard)             Turns: 3754, Time: 00:13:33

Health: 0/33       AC: -1    Str:  5 (6)  XL:     5   Next: 82%
Magic:  1/9        EV: 12    Int: 22      God:
Gold:   89         SH:  0    Dex: 10      Spells: 5 memorised, 0 levels left

rFire  . . .     SeeInvis .     a - +0 spear
rCold  . . .     Clarity  .     (no shield)
rNeg   . . .     SustAt   .     m - +1 hat
rPois  .         Gourm    .     k - amulet of regeneration
rElec  .         Spirit   .     l - -3 ring of protection (curse)
rCorr  .         Warding  .     (no ring)
rMut   .         Stasis   .     (no ring)
MR     .....                    (no ring)
Stlth  +++.......               (no ring)
                                (no ring)
                                (no ring)
                                (no ring)

@: repel missiles, not resistant to hostile enchantments, fairly stealthy
A: almost no armour, amphibious, 8 rings, constrict 8, camouflage 1, gelatinous
body 1
a: no special abilities


You were on level 3 of the Dungeon.
You were not hungry.

You visited 1 branch of the dungeon, and saw 3 of its levels.

You collected 89 gold pieces.

Inventory:

Hand Weapons
 a - a +0 spear (weapon)
 h - a +0 short sword
 o - a +4 quarterstaff of chaos
Missiles
 d - 6 tomahawks (quivered)
 e - 12 poisoned needles
 g - 112 stones
 j - 42 arrows
Armour
 m - a +1 hat (worn)
Jewellery
 k - an amulet of regeneration (around mantle)
 l - a cursed -3 ring of protection (left tentacle)
Scrolls
 i - a scroll of identify
Books
 b - a book of Minor Magic

   Spells                             Type                      Level
   a - Magic Dart                     Conjuration                  1
   b - Blink                          Translocation                2
   c - Call Imp                       Summoning                    2
   d - Repel Missiles                 Charms/Air                   2
   e - Slow                           Hexes                        2
   f - Conjure Flame                  Conjuration/Fire             3
   g - Mephitic Cloud                 Conjuration/Poison/Air       3
Comestibles
 c - 2 bread rations
 f - a meat ration


   Skills:
 - Level 1.0 Fighting
 - Level 2.0 Dodging
 - Level 3.0 Stealth
 - Level 3.0 Spellcasting
 + Level 4.5 Conjurations
 + Level 0.4 Charms
 - Level 1.0 Summonings
 - Level 1.0 Translocations
 - Level 1.0 Air Magic
 - Level 2.2 Poison Magic


You couldn't memorise any spells.
You knew the following spells:

 Your Spells              Type           Power        Failure   Level  Hunger
b - Blink                 Tloc           N/A          14%         2    ##.....
i - Call Imp              Summ           #.......     14%         2    ##.....
p - Mephitic Cloud        Conj/Pois/Air  ##......     14%         3    ###....
r - Repel Missiles        Chrm/Air       #.....       17%         2    ##.....
z - Magic Dart            Conj           ###.         1%          1    None


Dungeon Overview and Level Annotations

Branches:
Dungeon (3/15)

Altars:


Innate Abilities, Weirdness & Mutations

You cannot wear most types of armour.
You are amphibious.
You can wear up to eight rings at the same time.
You can use your tentacles to constrict eight enemies at once.
Your skin changes colour to match your surroundings (Stealth).
Your rubbery body absorbs attacks (AC +1).


Message History

You hit the orc priest but do no damage.
The orc priest is lightly wounded.
You constrict the orc priest, but do no damage.
The orc priest barely misses you.
You hit the orc priest.
The orc priest is moderately wounded.
You constrict the orc priest, but do no damage.
The orc priest hits you with a mace.
You hit the orc priest but do no damage.
The orc priest is moderately wounded.
You constrict the orc priest, but do no damage.
The orc priest hits you with a mace!
* * * LOW HITPOINT WARNING * * *
You aren't carrying any potions.
Read which item? (? for menu, Esc to quit)
Okay, then.
You hit the orc priest. You squeeze the orc priest!
The orc priest is almost dead.
You constrict the orc priest. The orc priest hits you with a mace.
You die...

##### ### ##...#
#@## ##..... #o#.##
#####......
..###.####..........
%.).
##...........<).
....†
##.####..#....[..
.....
#................
....
#.######..###.....
.... ## #..# #.....
#..# #...##


You could see an orc priest.

Vanquished Creatures
  Crazy Yiuf (D:2)
  2 orc wizards
  4 adders (D:2)
  3 gnolls (D:2)
  An ooze (D:1)
  2 worms (D:2)
  2 giant geckos
  4 orcs
  8 bats
  2 giant cockroaches (D:2)
  6 hobgoblins
  4 jackals (D:2)
  8 kobolds
  A quokka (D:2)
  2 ball pythons (D:1)
  2 giant newts
  3 goblins
  8 rats
63 creatures vanquished.

Notes
Turn   | Place    | Note
--------------------------------------------------------------
     0 | D:1      | hannobal the Octopode Wizard began the quest for the Orb.
     0 | D:1      | Reached XP level 1. HP: 11/11 MP: 4/4
   454 | D:1      | Reached XP level 2. HP: 15/17 MP: 0/6
   711 | D:1      | Learned a level 2 spell: Blink
   714 | D:1      | Learned a level 2 spell: Call Imp
  1127 | D:1      | Reached skill level 1 in Fighting
  1424 | D:2      | Reached XP level 3. HP: 19/23 MP: 1/7
  1965 | D:2      | Learned a level 3 spell: Mephitic Cloud
  2135 | D:2      | Noticed Crazy Yiuf
  2163 | D:2      | Reached skill level 1 in Poison Magic
  2163 | D:2      | Reached XP level 4. HP: 28/28 MP: 0/8
  2412 | D:2      | Reached skill level 1 in Air Magic
  2996 | D:2      | Killed Crazy Yiuf
  2996 | D:2      | Reached XP level 5. HP: 28/33 MP: 0/9
  3020 | D:2      | Learned a level 2 spell: Repel Missiles
  3516 | D:3      | Reached skill level 4 in Conjurations
  3754 | D:3      | Slain by an orc priest

Action                   |  1- 3 |  4- 6 || total
-------------------------+-------+-------++-------
Melee: Unarmed           |     4 |       ||     4
       Short sword       |     3 |     3 ||     6
       Spear             |       |    20 ||    20
Throw: Tomahawk          |       |     3 ||     3
 Cast: Magic Dart        |    86 |    67 ||   153
       Mephitic Cloud    |       |     6 ||     6
       Repel Missiles    |       |     2 ||     2
  Use: Scroll            |     2 |     1 ||     3
       Potion            |     2 |     2 ||     4
 Stab: Sleeping          |     1 |       ||     1
  Eat: Chunk             |     4 |     6 ||    10
